 Dungeon Crawl Stone Soup version 0.32-a0-705-g60f233581c (webtiles) character file.

Game seed: 7639769229745303958

4584 Midn8 the Trooper (level 10, -3/51 (53) HPs)
             Began as a Vine Stalker Necromancer on Mar 14, 2024.
             Was an Elder of Okawaru.
             Slain by a tarantella (shapeshifter) (13 damage)
             ... on level 8 of the Dungeon.
             The game lasted 00:23:26 (8167 turns).

Midn8 the Trooper (Vine Stalker Necromancer)        Turns: 8167, Time: 00:23:27

HP:   -3/51 (53)    AC:  9    Str: 12    XL:     10   Next: 41%
MP:   0/17          EV: 11    Int: 17    God:    Okawaru [****..]
Gold: 510           SH:  0    Dex: 16    Spells: 13/17 levels left

rFire   . . .        z - +3 dagger (freeze)
rCold   . . .        (no shield)
rNeg    . . .        r - +0 ring mail
rPois   .            (no helmet)
rElec   .            g - +2 cloak
rCorr   .            (no gloves)
SInv    .            o - +0 pair of boots
Will    +....        (no amulet)
Stlth   ++           (no ring)
HPRegen 1.08/turn    (no ring)
MPRegen 0.15/turn

%: guardian spirit
@: very slightly contaminated, lightly drained
A: fangs 3, regeneration 1, magic shield, antimagic bite, no potion heal 2
a: Renounce Religion, Heroism, Finesse


You were on level 8 of the Dungeon.
You worshipped Okawaru.
Okawaru was greatly pleased with you.
You visited 1 branch of the dungeon, and saw 8 of its levels.

You collected 510 gold pieces.

Inventory:

Hand Weapons
 c - a +0 club
 e - a +0 short sword
 p - a +3 war axe
 u - a +2 trident of venom
 z - a +3 dagger of freezing (weapon)
 G - a +1 scimitar of holy wrath
 I - a +0 short sword of holy wrath
 J - a +2 short sword of holy wrath
Missiles
 y - 8 boomerangs
Armour
 a - a +0 robe
 g - a +2 cloak (worn)
 o - a +0 pair of boots (worn)
 r - a +0 ring mail (worn)
 t - an orb of energy
 v - a +1 robe
Jewellery
 B - a +4 ring of protection
Talismans
 d - a flux talisman
 K - a maw talisman
Wands
 n - a wand of mindburst (18)
Scrolls
 f - 3 scrolls of amnesia
 h - a scroll of brand weapon
 i - 4 scrolls of teleportation
 j - a scroll of enchant weapon
 m - a scroll of fog
 w - 2 scrolls of vulnerability
 A - 2 scrolls of revelation {unknown}
 F - 2 scrolls of identify
Potions
 b - 5 potions of magic
 k - 3 potions of degeneration
 l - 2 potions of ambrosia
 q - 3 potions of enlightenment {unknown}
 s - 2 potions of cancellation
 C - a potion of might
 D - a potion of mutation
 E - a potion of haste {unknown}
 H - a potion of invisibility {unknown}


   Skills:
 + Level 6.8 Fighting
 - Level 6.0 Short Blades
 - Level 2.0 Armour
 - Level 5.0 Dodging
 - Level 2.4 Stealth
 - Level 4.0 Spellcasting
 - Level 6.0 Necromancy
 - Level 6.0 Invocations
 - Level 3.0 Evocations


You had 13 spell levels left.
You knew the following spells:

 Your Spells              Type           Power      Damage    Failure   Level
a - Necrotise             Necr           92%        1d8       3%          1
v - Vampiric Draining     Necr           23%        2d7       9%          3

Your spell library contained the following spells:

 Spells                   Type           Power      Damage    Failure   Level
 Curse of Agony           Necr           23%        N/A       63%         5
 Passwall                 Erth           3%         N/A       71%         3
 Sigil of Binding         Hex            3%         N/A       71%         3
 Volatile Blastmotes      Fire/Tloc      6%         2d10      71%         3
 Borgnjor's Vile Clutch   Necr/Erth      6%         N/A       95%         5
 Dimensional Bullseye     Hex/Tloc       1%         N/A       98%         4
 Alistair's Intoxication  Alch           2%         N/A       100%        5
 Bombard                  Conj/Erth      1%         9d1       100%        6
 Eringya's Noxious Bog    Alch           1%         4d6       100%        6
 Animate Dead             Necr           Unusable   N/A       N/A         4
 Call Canine Familiar     Summ           Unusable   N/A       N/A         3

Dungeon Overview and Level Annotations

Branches:
Dungeon (8/15)             Temple (0/1) D:4
   Lair: D:8-11

Altars:
Cheibriados
Kikubaaqudgha
Okawaru

Annotations:
D:5 1 runed translucent door, Crazy Yiuf


Innate Abilities, Weirdness & Mutations

You have razor-sharp teeth.
Your natural rate of healing is unusually fast.
When hurt, damage is shared between your health and your magic reserves.
Your bite disrupts and absorbs the magic of your enemies.
Potions cannot restore your health.


Message History

The tarantella touches you but does no damage.
The tarantella touches you.
You bump into the metal wall.
The tarantella barely misses you.
You bump into the metal wall.
The tarantella closely misses you.
The tarantella touches you but does no damage.
The tarantella touches you but does no damage.
You bump into the metal wall.
The tarantella touches you! The tarantella closely misses you.
Okay, then.
You hit the tarantella but do no damage.
The tarantella is heavily wounded.
The tarantella touches you!
Your system rejects the healing.
You feel better. The tarantella touches you!
Casting: Vampiric Draining (dangerous; 9% risk of failure)
Confirm with . or Enter, or press ? or * to list all spells.
Aiming: Vampiric Draining (dangerous; 9% risk of failure)
Press: ? - help, Shift-Dir - straight line, f - tarantella
Aim: a tarantella (heavily wounded)
You draw life force from the tarantella.
You feel life coursing into your body.
The tarantella touches you but does no damage. x2
Unknown command.
Casting: Vampiric Draining (dangerous; 9% risk of failure)
Confirm with . or Enter, or press ? or * to list all spells.
Aiming: Vampiric Draining (dangerous; 9% risk of failure)
Press: ? - help, Shift-Dir - straight line, f/p - tarantella
Aim: a tarantella (severely wounded)
You miscast Vampiric Draining.
You are very lightly contaminated with residual magic.
Nothing appears to happen.
The tarantella touches you.
Unknown command.
You barely miss the tarantella.
The tarantella is severely wounded.
The tarantella touches you!
* * * LOW HITPOINT WARNING * * *
You are afflicted by dizzying energies!
You are confused.
Unknown command.
Your system rejects the healing.
You feel better. The tarantella touches you!
You die...

#.#)##########.#.#.#####...#
#.#.#....# #...#.....#...#
..>.#.ßß.#############.#...#
...##.ßß.##....### #.##[.#
....'....#.####..# #.###.#
....####'#.####..# #.....#
##...##..#.##..### #######
##...##.†#)##..###
#....#)####.###.@# .....#.#
#.###s$# ....##.# #.#):###
.....#.####.#$$#
.#'#.##....#####
.#÷).########..#
##...#.........#
..)#.#.####...##
#......####.###


You could see a tarantella.

Vanquished Creatures
  2 hornets
  Prince Ribbit (D:5)
  A yak (D:8)
  A wraith (D:8)
  A wyvern (D:8)
  Duvessa (D:6)
  3 water moccasins (D:7)
  An orc warrior (D:7)
  2 ice beasts
  4 black bears
  An ogre (D:4)
  A centaur (D:8)
  2 kobold brigands (D:8)
  A bullfrog (D:8)
  Blork the orc (D:4)
  3 scorpions (D:5)
  12 wights
  Dowan (D:6)
  A howler monkey (D:8)
  2 jellies
  2 orc priests (D:5)
  2 bombardier beetles
  4 gnoll boudas
  7 hounds
  4 iguanas
  Ijyb (D:3)
  A sleepcap (D:5)
  5 orc wizards
  20 gnolls
  10 adders
  A shadow imp (D:7)
  A white imp (D:7)
  2 ufetubi (D:6)
  2 ribbon worms
  2 dart slugs
  20 orcs
  7 endoplasms
  2 giant cockroaches
  11 goblins
  6 hobgoblins
  7 jackals
  15 kobolds
  3 quokkas
  11 ball pythons
  5 bats
  A frilled lizard (D:2)
  6 rats
200 creatures vanquished.

Vanquished Creatures (collateral kills)
  A goblin (D:1)
1 creature vanquished.

Grand Total: 201 creatures vanquished

Notes
Turn   | Place    | Note
-------+----------+-------------------------------------------
     0 | D:1      | Midn8 the Vine Stalker Necromancer began the quest for the
                  | Orb.
     0 | D:1      | Reached XP level 1. HP: 9/9 MP: 4/4
   147 | D:1      | Reached XP level 2. HP: 13/13 MP: 1/6
   664 | D:1      | Reached XP level 3. HP: 16/16 MP: 5/9
  1088 | D:2      | Learned a level 3 spell: Vampiric Draining
  1225 | D:2      | Found a faded altar of an unknown god.
  1236 | D:2      | Prayed at the altar of an unknown god.
  1236 | D:2      | Became a worshipper of Warmaster Okawaru
  1236 | D:2      | Reached * piety under Okawaru
  1296 | D:2      | Reached XP level 4. HP: 21/21 MP: 6/11
  1849 | D:3      | Noticed Ijyb
  1863 | D:3      | Killed Ijyb
  1864 | D:3      | Reached skill level 5 in Necromancy
  2390 | D:3      | Reached skill level 1 in Fighting
  2390 | D:3      | Reached XP level 5. HP: 25/25 MP: 6/12
  2859 | D:4      | Reached XP level 6. HP: 30/32 MP: 13/13
  2948 | D:4      | Reached skill level 1 in Short Blades
  3013 | D:4      | Found a staircase to the Ecumenical Temple.
  3017 | D:4      | Noticed Blork the orc
  3056 | D:4      | Killed Blork the orc
  3056 | D:4      | Reached ** piety under Okawaru
  3166 | D:4      | Reached skill level 1 in Invocations
  3479 | D:4      | Reached XP level 7. HP: 36/36 MP: 14/14
  3678 | D:5      | Entered Level 5 of the Dungeon
  3800 | D:5      | Reached *** piety under Okawaru
  3801 | D:5      | Reached skill level 5 in Short Blades
  3801 | D:5      | Gained mutation: You have razor-sharp teeth. [Vine Stalker
                  | growth]
  3801 | D:5      | Reached XP level 8. HP: 38/40 MP: 12/15
  4159 | D:5      | Found a runed translucent door.
  4160 | D:5      | Noticed Crazy Yiuf
  4275 | D:5      | Noticed Prince Ribbit
  4288 | D:5      | Killed Prince Ribbit
  4815 | D:5      | Reached skill level 1 in Armour
  5545 | D:6      | Noticed Dowan
  5545 | D:6      | Noticed Duvessa
  5567 | D:6      | Killed Duvessa
  5568 | D:6      | Reached XP level 9. HP: 25/44 MP: 9/16
  5569 | D:6      | Killed Dowan
  5570 | D:6      | Reached skill level 5 in Fighting
  6307 | D:7      | Reached **** piety under Okawaru
  6400 | D:7      | Reached skill level 5 in Invocations
  6601 | D:7      | Reached skill level 1 in Evocations
  7028 | D:7      | Noticed a hornet
  7030 | D:7      | Killed a hornet
  7031 | D:7      | Reached XP level 10. HP: 53/53 MP: 17/17
  7197 | D:7      | Found an ancient bone altar of Kikubaaqudgha.
  7197 | D:7      | Found a snail-covered altar of Cheibriados.
  7870 | D:8      | Reached skill level 5 in Dodging
  8167 | D:8      | Slain by a tarantella (shapeshifter)

Illustrated notes

Levels and vault maps discovered:
D:1:      heliophobic_arrival_enchanted_forest, layout_rooms, minmay_ruptured
D:2:      layout_rooms, chequers_ecumenical_altar_simple,
          nicolae_figureground_sparkle
D:3:      layout_loops_ring, uniq_ijyb
D:4:      layout_basic, temple_fountains, uniq_blork_the_orc
D:5:      layout_basic, minmay_pentangle, uniq_crazy_yiuf_cottage,
          uniq_prince_ribbit1
D:6:      layout_rooms, nicolae_the_louvre, uniq_duvessa
D:7:      black_bear_nest_1, layout_basic, nicolae_overflow_two_pavilions,
          dk_noncrumbling_2, minmay_misc_feat_diagonals
D:8:      minmay_chambers_of_fours, layout_basic

Skill      XL: |  1  2  3  4  5  6  7  8  9 10 |
---------------+-------------------------------+-----
Spellcasting   | 3 4 |  4.0
Necromancy     | 5 6 |  6.0
Fighting       | 1 3 4 6 |  6.8
Short Blades   | 2 5 6 |  6.0
Invocations    | 2 3 6 |  6.0
Armour         | 2 |  2.0
Evocations     | 3 |  3.0
Dodging        | 3 5 |  5.0
Stealth        | |  2.4

Action                     |  1- 3 |  4- 6 |  7- 9 | 10-12 || total
---------------------------+-------+-------+-------+-------++-------
  Melee: Club              |    12 |       |       |       ||    12
         Short sword       |    15 |    81 |       |       ||    96
         Bite              |     7 |    37 |   124 |    71 ||   239
         Trident           |       |    17 |   167 |       ||   184
         Dagger            |       |       |   226 |   216 ||   442
   Cast: Necrotise         |    75 |    69 |    16 |     1 ||   161
         Vampiric Draining |       |     6 |     4 |     8 ||    18
 Invoke: Heroism           |       |       |     4 |       ||     4
  Evoke: Wand              |       |       |     6 |       ||     6
    Use: Scroll            |       |     5 |     8 |       ||    13
         Potion            |       |       |       |     2 ||     2
   Stab: Sleeping          |       |     3 |     1 |       ||     4
 Armour: Robe              |    30 |    70 |       |       ||   100
         Ring mail         |       |       |   225 |   139 ||   364
  Dodge: Dodged            |    36 |    55 |   194 |    94 ||   379

Table legend: (Time is in decaauts)
 A = Elapsed time spent in this place.
 B = Non-inter-level travel time spent in this place.
 C = Inter-level travel time spent in this place.
 D = Time resting spent in this place.
 E = Time spent auto-exploring this place.
 F = Levels seen in this place.
 G = Mean time per level.
                   A        B        C        D        E       F      G
               +--------+--------+--------+--------+--------+-----+--------+
         Total |   8099 |   7803 |    296 |   1800 |   4171 |   8 | 1012.4 |
       Dungeon |   8099 |   7803 |    296 |   1800 |   4171 |   8 | 1012.4 |
               +--------+--------+--------+--------+--------+-----+--------+

Top non-repeatable levels by time:
     D:5: 1798 daAuts
     D:3: 1056 daAuts
     D:7: 978 daAuts
     D:4: 958 daAuts
     D:1: 892 daAuts
     D:8: 881 daAuts
     D:2: 782 daAuts
     D:6: 750 daAuts
